Unix NetHack Version 5.0.0-0 post-release - last build May 23 2026 06:08:33 (1c0ff79ee797540d5714e4e18072db0edd9e58ae,branch:main).

Game began 2026-05-28 00:47:21, ended 2026-05-28 04:05:22.

Haxasaurus, lawful female dwarven Valkyrie

                                           ----------     ---
                                           |........-------.--
                                   --------|..-----..........|
                                   |......|--....---------...---------
                                  ....---.| ----..|      ---.........------
                                  ---..-|.---- --.|        ---...---...|..---
                                    --..|@...|  |.-----     --...- |........|
                                     |..Y---.|  |.....|------..... --.......|
                                     |.G..||.--------.--.--....|.   ----...--
                                     |....-|......| |.........--       --..--
                                        ..<|--....------......-        --.^.|
                                         .-- |.....|   |......        --....|
                                           ---.....-- --......        |..----
                                           |........---%...--         |.--
                                          --..............--         --.|
                                          |(..........^...|          |..-----
                                          --..--....|....-|          |......-
                                           ------..---....--         ------..|
                                                ---- --....|              |..|
                                                      ---..|              ---
                                                        ----
Haxasaurus the Fighter      St:12 Dx:14 Co:18 In:8 Wi:10 Ch:9  Lawful
Dlvl:9  $:119 HP:0(68) Pw:12(12) AC:-3 Xp:6/456 T:4987  Burdened

Latest messages:
 [HP -2, 61 left]
 The owlbear hits again!
 [HP -3, 58 left]
 [HP -5, 53 left]
 You miss the owlbear.
 The owlbear misses!
 The owlbear hits!
 [HP -1, 52 left]
 You miss the owlbear.
 The owlbear hits!
 [HP -2, 51 left]
 The owlbear misses!
 The owlbear hits!
 [HP -1, 50 left]
 The owlbear misses!
 You hit the owlbear.
 The owlbear hits!
 [HP -2, 48 left]
 The owlbear hits again!
 [HP -1, 47 left]
 [HP -7, 40 left]
 You miss the owlbear.
 The owlbear misses!
 The owlbear hits!
 [HP -3, 37 left]
 You miss the owlbear.
 The owlbear hits!
 [HP -4, 33 left]
 The owlbear hits again!
 [HP -1, 32 left]
 The owlbear grabs you!
 [HP -12, 20 left]
 The owlbear hits!
 [HP -2, 18 left]
 The owlbear misses!
 You are being crushed.
 [HP -10, 8 left]
 You cannot escape from the owlbear!
 The owlbear hits!
 [HP -1, 7 left]
 The owlbear hits again!
 [HP -1, 6 left]
 You are being crushed.
 [HP -13, -7 left]
 You die...
 Do you want your possessions identified? y
 Do you want to see your attributes? y
 Do you want an account of creatures vanquished? n
 Do you want to see your conduct and achievements? n
 Do you want to see the dungeon overview? y

Inventory:
 Coins    ('$')
  $ - 119 gold pieces
 Weapons  (')')
  b - a +0 dagger (alternate weapon; not wielded)
  V - 5 +0 daggers (at the ready)
  a - a +1 dwarvish spear (weapon in left hand)
  e - 3 +0 orcish daggers
 Armor    ('[')
  w - an uncursed +0 orcish helm (being worn)
  t - an uncursed +0 pair of leather gloves (being worn)
  l - an uncursed +0 pair of elven boots (being worn)
  c - an uncursed +3 small shield (being worn)
  v - an uncursed +0 dwarvish cloak (being worn)
  C - an uncursed +0 mummy wrapping
  f - an uncursed +0 banded mail (being worn)
 Comestibles  ('%')
  m - an uncursed tripe ration
 Scrolls  ('?')
  A - an uncursed scroll of blank paper
  B - a cursed scroll of blank paper
  p - 4 uncursed scrolls of confuse monster
  F - an uncursed scroll of earth
  O - an uncursed scroll of enchant weapon
  h - 2 uncursed scrolls of identify
  o - an uncursed scroll of teleportation
 Potions  ('!')
  E - a blessed potion of booze
  g - an uncursed potion of enlightenment
  W - 2 uncursed potions of extra healing
  j - an uncursed potion of gain energy
  H - a blessed potion of healing
  k - 5 uncursed potions of healing
  i - an uncursed potion of invisibility
  L - an uncursed potion of water
 Rings    ('=')
  G - an uncursed +1 ring of adornment
  n - a cursed -1 ring of protection
  I - an uncursed ring of shock resistance
  J - a cursed ring of sustain ability
  U - a cursed ring of warning
 Wands    ('/')
  z - a wand of magic missile (0:3)
  K - a wand of striking (0:5)
 Tools    ('(')
  X - an uncursed brass lantern (lit)
  Q - an uncursed leash
  y - an uncursed lock pick
  D - an uncursed tin whistle
 Gems/Stones  ('*')
  M - an uncursed amber stone
  R - an uncursed chrysoberyl stone
  s - 3 uncursed jade stones
  S - 2 uncursed worthless pieces of green glass
  N - 2 uncursed worthless pieces of orange glass
  T - 3 uncursed worthless pieces of white glass
  Z - an uncursed worthless piece of yellowish brown glass

Haxasaurus the Valkyrie's attributes:

Background:
 You were a Fighter, a level 6 dwarven Valkyrie.
 You were lawful, on a mission for Tyr
 who was opposed by Odin (neutral) and Loki (chaotic).
 You were left-handed.
 You were in the Gnomish Mines, on level 9.
 You entered the dungeon 4987 turns ago.
 It was nighttime.
 You had 456 experience points, 184 more were needed to attain level 7.

Basics:
 You had 0 out of 68 hit points.
 You had all 12 energy points (spell power).
 Your armor class was -3.
 Your wallet contained 119 zorkmids.
 Autopickup was on for '$"=/!?' plus thrown, with exceptions.

Final Characteristics:
 Your strength was 12 (peak:16, limit:18/100).
 Your dexterity was 14 (limit:20).
 Your constitution was 18 (limit:20).
 Your intelligence was 8 (limit:16).
 Your wisdom was 10 (limit:16).
 Your charisma was 9 (limit:16).

Final Status:
 You were held by an owlbear (southwest).
 You weren't hungry.
 You were burdened; movement was slightly slowed.
 You were wielding a spear.
 You had basic skill with spear and could have enhanced that.

Final Attributes:
 You were piously aligned.
 Your items were somewhat protected from fire.
 You were cold resistant.
 Your items were somewhat protected from cold.
 You had infravision.
 You were stealthy.
 You were warded.
 You are dead.

Miscellaneous:
 You didn't encounter any bones levels.
 Total elapsed playing time was 1 hour, 8 minutes and 54 seconds.

Major events:
 Turn
    1: Haxasaurus the lawful dwarven Valkyrie entered the dungeon
  631: entered the Gnomish Mines
 1587: attained the rank of Skirmisher (level 3)
 1979: entered Sokoban
 3432: reached Mine Town
 4046: attained the rank of Fighter (level 6)
 4987: killed by an owlbear

You didn't know any spells.

Skills:
 Fighting Skills
   bare handed combat [Unskilled]
   two weapon combat  [Unskilled]
   riding             [Unskilled]
 Weapon Skills
   dagger             [Basic]
   axe                [Unskilled]
   pick-axe           [Unskilled]
   short sword        [Unskilled]
   broadsword         [Unskilled]
   long sword         [Unskilled]
   two-handed sword   [Unskilled]
   saber              [Unskilled]
   hammer             [Unskilled]
   quarterstaff       [Unskilled]
   polearms           [Unskilled]
   spear              [Basic]
   trident            [Unskilled]
   lance              [Unskilled]
   sling              [Unskilled]
 Spellcasting Skills
   attack spells      [Unskilled]
   escape spells      [Unskilled]

Voluntary challenges:
 Character rerolling was not enabled.
 You never genocided any monsters.
 You never polymorphed an object.
 You never changed form.
 You used no wishes.
 You did not violate any of the special Sokoban rules.
Achievements:
 You entered the Gnomish Mines.
 You entered a shop.
 You attained the rank of Skirmisher.
 You entered Sokoban.
 You entered Minetown.
 You entered a temple.
 You attained the rank of Fighter.

 The Dungeons of Doom: levels 1 to 7
    Level 1:
    Level 2:
       A scroll shop, an altar.
       Stairs down to The Gnomish Mines.
    Level 3:
       A general store, an altar.
    Level 4:
    Level 5:
       Many fountains.
       Oracle of Delphi.
    Level 6:
       A fountain.
       Stairs up to Sokoban, level 5.
    Level 7:
       A fountain.
 The Gnomish Mines: levels 3 to 9
    Level 3:
    Level 4:
    Level 5:
    Level 6:
       Many shops, a temple and an altar, some fountains.
    Level 7:
    Level 8:
    Level 9: <- You were here.
       Final resting place for
          you, killed by an owlbear.
 Sokoban:
    Level 5:
       Unsolved.


Vanquished creatures:
  a small mimic
  a large dog
  a gnome mummy
  a snake
  a bugbear
 an orc shaman
  2 rock piercers
  a pony
  a fog cloud
  a yellow light
  a shrieker
  a violet fungus
  2 kobold mummies
  a red naga hatchling
  a black naga hatchling
 an elf zombie
  a paper golem
  2 giant ants
  a little dog
  a floating eye
  a homunculus
  a kobold leader
  2 rothes
  a dwarf zombie
  2 iguanas
  a hobbit
  2 giant rats
  2 cave spiders
  a yellow mold
  a green mold
  3 gnomes
  2 garter snakes
  a gnome zombie
  a gecko
  3 jackals
  2 foxes
  4 goblins
  8 sewer rats
  7 grid bugs
  3 bats
  6 lichens
  5 newts
82 creatures vanquished.

No species were genocided or became extinct.

Game over:
                       ----------
                      /          \
                     /    REST    \
                    /      IN      \
                   /     PEACE      \
                  /                  \
                  |    Haxasaurus    |
                  |      119 Au      |
                  |   killed by an   |
                  |     owlbear      |
                  |                  |
                  |                  |
                  |       2026       |
                 *|     *  *  *      | *
        _________)/\\_//(\/(/\)/\//\/|_)_______

Farvel Haxasaurus the Valkyrie...

You died in The Gnomish Mines on dungeon level 9 with 2342 points,
and 119 pieces of gold, after 4987 moves.
You were level 6 with a maximum of 68 hit points when you died.

